 Dungeon Crawl Stone Soup version 0.28.0-45-g0d030f2227 (webtiles) character file.

Game seed: 4775968280542674105

226 Icepheonix32 the Covered (level 5, -1/63 HPs)
             Began as a Demonspawn Fighter on Apr 13, 2022.
             Slain by an adder (3 damage)
             ... in a sewer.
             The game lasted 00:06:22 (3240 turns).

Icepheonix32 the Covered (Demonspawn Fighter)       Turns: 3240, Time: 00:06:23

Health: -1/63      AC: 22    Str: 19    XL:     5   Next: 69%
Magic:  5/5        EV: -1    Int:  9    God:
Gold:   135        SH:  4    Dex: 12    Spells: 4/4 levels left

rFire   + . .      SeeInvis .   g - +0 dagger (elec)
rCold   + . .      Faith    .   c - +0 buckler
rNeg    . . .      Spirit   .   (armour currently unavailable)
rPois   +          Reflect  .   (helmet currently unavailable)
rElec   +          Harm     .   (cloak currently unavailable)
rCorr   +          Rampage  .   (gloves currently unavailable)
Will    .....      NoTele   +   (boots currently unavailable)
Stlth   +.........              (no amulet)
HPRegen 0.20/turn               (no ring)
MPRegen 0.09/turn               (no ring)

@: mighty, tree-form, resistant, constricted
A: stationary, stasis, torment immunity, boosted hp, (claws 1), (thin metallic
scales 2)
a: no special abilities


You were in a sewer.
You were a tree.
You visited 1 branch of the dungeon, and saw 3 of its levels.
You also visited: Sewer.

You collected 135 gold pieces.

Inventory:

Hand Weapons
 a - a +0 long sword
 g - a +0 dagger of electrocution (weapon)
Armour
 b - a +0 scale mail (melded)
 c - a +0 buckler (worn)
Scrolls
 f - 3 scrolls of teleportation
Potions
 d - a potion of might
 i - a potion of resistance
 j - a potion of berserk rage {unknown}
 k - 2 potions of brilliance


   Skills:
 + Level 3.6 Fighting
 - Level 0.5(1.5) Short Blades
 - Level 2.2(2.3) Long Blades
 + Level 1.0 Throwing
 + Level 4.1 Armour
 + Level 1.4 Dodging
 + Level 3.1 Shields
 * Level 1.2 Unarmed Combat


You had 4 spell levels left.
You didn't know any spells.
Your spell library was empty.

Dungeon Overview and Level Annotations

Branches:
Dungeon (3/15)              Sewer (1/1)

Altars:


Innate Abilities, Weirdness & Mutations

You are a tree.
Your roots penetrate the ground, keeping you stationary.
You cannot be teleported.
You are immune to unholy pain and torment.
Your maximum health is greatly increased.
Your equipment is partially melded.
((You have sharp fingernails.))
((You are mostly covered in thin metallic scales. (AC +3)))


Message History

Unknown command.
You miss the adder.
The adder is heavily wounded.
You feel sick. The adder bites you but does no damage.
You block the adder's attack.
The ball python bites you but does no damage.
The ball python constricts you.
The river rat bites you but does no damage.
You closely miss the adder.
The adder is heavily wounded.
You feel sick. The adder bites you.
* * * LOW HITPOINT WARNING * * *
The adder bites you but does no damage. The ball python bites you.
* * * LOW HITPOINT WARNING * * *
The ball python constricts you. The river rat bites you!
* * * LOW HITPOINT WARNING * * *
The adder bites you but does no damage. x2
Unknown command.
You feel very mighty all of a sudden.
You feel sick.
The ball python bites you but does no damage.
The ball python constricts you. You block the adder's attack.
The river rat bites you.
* * * LOW HITPOINT WARNING * * *
You block the adder's attack.
The ball python bites you but does no damage.
The ball python constricts you.
Unknown command.
You closely miss the adder.
The adder is moderately wounded.
You feel sick.
You are no longer poisoned.
You block the adder's attack. x2; The river rat bites you.
* * * LOW HITPOINT WARNING * * *
The ball python bites you but does no damage.
The ball python constricts you.
It was a potion of resistance.
You feel protected. The adder bites you.
You die...

#####...# #..'....#
#..#....# ####...##
####################.†††#
###..≈≈≈≈≈≈≈#≈≈≈≈≈≈≈......#
##...≈≈≈≈≈≈≈≈≈≈≈≈≈≈≈≈≈.....#
#....≈rr≈≈≈S)≈≈≈≈≈≈≈≈≈.....#
#....≈≈≈r≈≈S♣≈≈≈≈≈≈≈≈≈....##
#....≈≈≈≈≈≈rS≈≈≈≈≈≈≈≈≈...##
.....#≈≈≈≈≈≈≈≈≈≈≈≈≈≈≈#.###
....####################
...# .r# ..


You could see 2 adders, a river rat, a ball python and 3 rats.

Vanquished Creatures
  7 adders
  3 gnolls (D:2)
  4 river rats (Sewer)
  3 dart slugs (D:1)
  6 ball pythons
  4 bats
  3 endoplasms
  5 giant cockroaches (D:3)
  8 goblins
  12 hobgoblins
  3 jackals (D:2)
  6 kobolds
  2 quokkas
  6 frilled lizards
  29 rats
101 creatures vanquished.

Notes
Turn   | Place    | Note
-------+----------+-------------------------------------------
     0 | D:1      | Icepheonix32 the Demonspawn Fighter began the quest for the
                  | Orb.
     0 | D:1      | Reached XP level 1. HP: 18/18 MP: 1/1
   172 | D:1      | Gained mutation: You are partially covered in thin metallic
                  | scales. (AC +2) [demonic ancestry]
   172 | D:1      | Reached XP level 2. HP: 20/24 MP: 2/2
   264 | D:1      | Reached skill level 3 in Armour
   894 | D:1      | Reached XP level 3. HP: 29/29 MP: 3/3
  1206 | D:2      | Gained mutation: You have sharp fingernails. [demonic
                  | ancestry]
  1206 | D:2      | Reached XP level 4. HP: 30/35 MP: 4/4
  2409 | D:3      | Reached skill level 1 in Dodging
  2469 | D:3      | Found a glowing drain.
  2502 | D:3      | Gained mutation: You are mostly covered in thin metallic
                  | scales. (AC +3) [demonic ancestry]
  2502 | D:3      | Reached XP level 5. HP: 37/41 MP: 5/5
  2533 | Sewer    | Entered a sewer
  2710 | Sewer    | Reached skill level 1 in Unarmed Combat
  2805 | Sewer    | Reached skill level 4 in Armour
  3197 | Sewer    | Reached skill level 1 in Throwing
  3238 | Sewer    | HP: 3/63 [river rat (2)]
  3240 | Sewer    | Slain by an adder

Illustrated notes

Levels and vault maps discovered:
D:1:      nicolae_arrival_memento_mori, layout_basic,
          chequers_serial_rivers_small_3, palyth_stone_intersect
D:2:      cheibrodos_greedy_goblins, layout_basic
D:3:      layout_rooms, gup_sewer_entry_glass, due_unseen_surprise
Sewer:    sewer_minmay_w

Skill      XL: |  1  2  3  4  5 |
---------------+----------------+-----
Long Blades    | 2 |  2.2
Armour         | 3 4 |  4.1
Dodging        | 1 |  1.4
Shields        | 3 |  3.1
Unarmed Combat | 1 |  1.2
Throwing       | 1 |  1.0
Fighting       | |  3.6
Short Blades   | |  0.5

Action                   |  1- 3 |  4- 6 || total
-------------------------+-------+-------++-------
Melee: Long sword        |    61 |       ||    61
       Dagger            |    25 |   280 ||   305
Throw: Boomerang         |    17 |    16 ||    33
  Use: Scroll            |       |     3 ||     3
       Potion            |       |     4 ||     4
Armor: Scale mail        |    51 |   182 ||   233
       Skin              |       |    20 ||    20
Dodge: Dodged            |    37 |   153 ||   190
Block: Buckler           |    17 |    79 ||    96
